 Dungeon Crawl Stone Soup version 0.31-a0-221-gbddc013574 (webtiles) character file.

Game seed: 7274097294260970447

123534 qw the Severer (level 16, -8/104 HPs)
             Began as a Gargoyle Fighter on July 4, 2023.
             Was an Elder of Okawaru.
             Mangled by Mara (illusionary)
             ... wielding a +4 demon whip of venom
              (19 damage)
             ... on level 3 of the Spider Nest.
             The game lasted 00:15:11 (22048 turns).

qw the Severer (Gargoyle Fighter)                  Turns: 22048, Time: 00:15:11

Health: -8/104     AC: 45    Str: 36 (44) XL:     16   Next: 90%
Magic:  22/23      EV:  9    Int:  8 (10) God:    Okawaru [****..]
Gold:   2368       SH: 19    Dex:  5 (9)  Spells: 15/15 levels left

rFire   . . .        h - +0 broad axe (vamp)
rCold   . . .        a - +0 tower shield "Paniu" {Will++ Str+8 Slay-2 Stlth+}
rNeg    + . .        z - +3 plate armour
rPois   inf          G - +2 helmet
rElec   +            p - +2 cloak
rCorr   .            s - +2 pair of gloves
SInv    .            B - +0 pair of boots {Fly}
Will    ++++.        m - amulet of regeneration Stlth
                     r - +6 ring of strength
HPRegen 1.17/turn    q - ring "Vompuufe" {Will+ Str+3}
MPRegen 0.18/turn

%: no passive effects
@: heroic, flying
A: sickness immunity, AC +12, big wings, negative energy resistance 1,
electricity resistance, torment resistance 1, petrification resistance
a: Renounce Religion, Heroism, Finesse


You were on level 3 of the Spider Nest.
You worshipped Okawaru.
Okawaru was greatly pleased with you.
You visited 5 branches of the dungeon, and saw 26 of its levels.
You also visited: Ossuary and Gauntlet.

You collected 3013 gold pieces.
You spent 645 gold pieces at shops.


Innate Abilities, Weirdness & Mutations

You are immune to sickness and miasma.
Your stone body is resilient. (AC +12)
You are immune to poison.
Your large and strong wings let you fly.
You resist negative energy. (rN+)
You are resistant to electric shocks. (rElec)
You are resistant to unholy torment.
You are immune to petrification.


   Skills:
 - Level 13.0(18.0) Fighting
 - Level 16.8(21.8) Axes
 - Level 7.0(12.0) Throwing
 - Level 12.2(17.2) Armour
 - Level 3.1(8.1) Dodging
 + Level 15.2(20.2) Shields
 - Level 10.0 Invocations


You had 15 spell levels left.
You didn't know any spells.
Your spell library was empty.

Inventory:

Hand Weapons
 h - a +0 vampiric broad axe (weapon)
 i - a +0 war axe
 l - the +1 war axe of the Enchanting Pariah {drain, rF+ rN++ rCorr Str-2}
   (You acquired it on level 2 of the Dungeon)

   Str:       It affects your strength (-2).
   rF:        It protects you from fire.
   rN:        It greatly protects you from negative energy.
   rCorr:     It protects you from acid and corrosion.
 u - a -2 demon whip of venom
 H - a +4 morningstar
 I - the +3 hand axe "Ultimatum" {elec, rF+ rC++ Str+2 Dex-3}
   (You found it on level 14 of the Dungeon)

   Str:       It affects your strength (+2).
   Dex:       It affects your dexterity (-3).
   rF:        It protects you from fire.
   rC:        It greatly protects you from cold.
Missiles
 K - a javelin
 L - a silver javelin (quivered)
Armour
 a - the +0 tower shield "Paniu" (worn) {Will++ Str+8 Slay-2 Stlth+}
   (Okawaru gifted it to you on level 1 of the Spider Nest)

   Str:       It affects your strength (+8).
   Slay:      It affects your accuracy & damage with ranged weapons and melee
   (-2).
   Will:      It greatly increases your willpower.
   Stlth:     It makes you more stealthy.
 p - a +2 cloak (worn)
 s - a +2 pair of gloves (worn)
 z - a +3 plate armour (worn)
 B - a +0 pair of boots of flying (worn)
 C - a +3 chain mail of fire resistance
 G - a +2 helmet (worn)
 J - +0 fire dragon scales
Jewellery
 b - a ring of resist corrosion
 m - an amulet of regeneration (around neck)
 q - the ring "Vompuufe" (right hand) {Will+ Str+3}
   (You acquired it on level 2 of the Dungeon)

   [ring of willpower]

   Str:       It affects your strength (+3).
   Will:      It increases your willpower.
 r - a +6 ring of strength (left hand)
 x - a +4 ring of protection
 y - a ring of ice
 F - the ring of Ytata {Fly rC++ rN+ Will+ Str-5}
   (You bought it in a shop on level 11 of the Dungeon)

   [ring of positive energy]

   Str:       It affects your strength (-5).
   rC:        It greatly protects you from cold.
   rN:        It protects you from negative energy.
   Fly:       It grants you flight.
   Will:      It increases your willpower.
Wands
 D - a wand of digging (10)
Scrolls
 g - 6 scrolls of teleportation
 j - 16 scrolls of identify
Potions
 d - 2 potions of might
 e - 15 potions of curing
 f - 6 potions of enlightenment
 n - 7 potions of lignification
 o - a potion of resistance
 t - a potion of magic
 v - 3 potions of attraction
 w - 2 potions of mutation
 A - 2 potions of cancellation
 E - 4 potions of haste

Dungeon Overview and Level Annotations

Branches:
Dungeon (15/15)            Temple (1/1) D:4            Lair (5/5) D:11
 Shoals (0/4) Lair:3       Spider (3/4) Lair:2        Slime (0/5) Lair:4
    Orc (2/2) D:11            Elf (0/3) Orc:2        Vaults (0/5) D:13
 Depths (0/4) D:15        Ossuary (visited)         Gauntlet (visited)

Altars:
Ashenzari
Cheibriados
Dithmenos
Elyvilon
Fedhas
Gozag
Hepliaklqana
Kikubaaqudgha
Makhleb
Nemelex Xobeh
Okawaru
Qazlal
Ru
Sif Muna
Trog
Uskayaw
Vehumet
Wu Jian
Xom
Yredelemnul
Zin
The Shining One
Jiyva

Shops:
D:5 :   D:11 =[[   Orc:2 [:((

Annotations:
D:3 3 runed translucent doors, qw's ghost, amateur MiHs
D:5 1 runed translucent door, Crazy Yiuf
D:6 2 transporters
D:11 1 runed translucent door, qw's ghost, journeyman GrFi
Lair:1 2 runed translucent doors, qw's ghost, journeyman GrFi
Lair:5 1 runed translucent door
Spider:3 Mara


Message History

Mara is lightly wounded.
You hit qw's illusion but do no damage. You closely miss Mara.
Mara weaves an illusion.
Mara blinks! x2
You carve Mara like a ham!!!
Mara is moderately wounded.
You hit qw's illusion but do no damage. You hit Mara.
You block qw's illusion's attack. Mara hits you but does no damage.
Mara hits you with a +4 demon whip of venom!
You hit Mara.
Mara is moderately wounded.
You hit qw's illusion but do no damage. You hit Mara. You miss Mara.
You block qw's illusion's attack. You block Mara's attack.
Mara hits you but does no damage. x2
You hit Mara but do no damage.
Mara is moderately wounded.
You hit Mara but do no damage. x2; You slash qw's illusion!
Qw's illusion hits you but does no damage.
You slash Mara!
Mara is heavily wounded.
You barely miss Mara. You hit Mara but do no damage.
You hit qw's illusion but do no damage.
Mara blinks!
You block Mara's attack.
Mara says, "I mislead the hearts of men!"
Mara hits you with a +4 demon whip of venom.
Qw's illusion hits you but does no damage.
You hit Mara but do no damage.
Mara is heavily wounded.
You slash Mara! You closely miss Mara. You hit qw's illusion but do no damage.
The orb spider weaves a glowing orb of energy.
You block Mara's attack. Mara hits you but does no damage. x2
An orb of destruction comes into view.
You closely miss Mara.
Mara is heavily wounded.
You hit Mara. You slash qw's illusion! You barely miss Mara.
Qw's illusion hits you but does no damage.
Mara gestures at you. The bolt of fire hits you!!
The bolt of fire hits Mara!
Mara resists.
Mara hits you with a +4 demon whip of venom!!
You die...

..#...........#
.#
#............##
.
##............##
#.............#
#.....^[......#
#.............#
#............##
.##...ยค.R...#.#
......R@R..##
..#...@...##
...#.....*##
.#..####.s# ##.
#.... ...##..
#... #.. #....
... #.... .#..


You could see 3 Maras, an orb spider and qw's illusion.

Vanquished Creatures
  Gastronok (D:8)
  2 ghost moths (Spider:2)
  A broodmother (Spider:2)
  A spark wasp (Spider:1)
  A minotaur (Gauntlet)
  A fire dragon (D:15)
  Josephine (D:14)
  3 hydras
  An ice dragon (D:15)
  A radroach (Spider:1)
  A centaur warrior (D:14)
  A catoblepas (Lair:5)
  11 boulder beetles
  4 death yaks (Lair:3)
  19 two-headed ogres
  4 ogre magi
  2 tengu warriors (D:14)
  4 demonic crawlers (Spider:1)
  Amaemon (D:8)
  A skyshark (Lair:5)
  4 pharaoh ants
  2 deep trolls (Orc:2)
  An orb spider (Spider:2)
  2 steelbarb worms
  2 lindwurms (Lair:5)
  A necromancer (D:13)
  An orc knight (D:14)
  3 deep elf pyromancers
  10 cyclopes
  An oklob plant (Lair:5)
  4 manticores
  17 ugly things
  13 wolf spiders
  2 orc sorcerers
  Joseph (D:10)
  2 moths of wrath (Spider:2)
  Maurice (D:8)
  4 slime creatures (D:13)
  7 torpor snails
  4 black mambas
  6 elephants
  12 cane toads
  2 orange demons
  5 rime drakes
  2 unseen horrors (D:12)
  11 komodo dragons
  A kobold demonologist (D:13)
  A freezing wraith (D:14)
  A tengu conjurer (D:15)
  A red devil (D:9)
  3 polar bears (Lair:5)
  3 meliai (Spider:1)
  Prince Ribbit (D:5)
  A hellwing (D:9)
  3 tyrant leeches (Lair:5)
  7 hornets (Lair:5)
  13 trolls
  14 tarantellas
  17 blink frogs
  11 jumping spiders
  10 dream sheep (Lair:5)
  A centaur simulacrum (D:15)
  16 culicivoras
  3 flying skulls (Gauntlet)
  2 shadows
  10 wraiths
  8 wyverns
  45 yaks
  Grum (Lair:1)
  4 basilisks
  2 vampire mosquitoes (D:15)
  A steam dragon (D:8)
  24 redbacks
  Menkaure (D:6)
  A warg (Orc:2)
  2 acid dragons
  12 water moccasins
  16 orc warriors
  An ice beast (D:7)
  2 sky beasts (D:7)
  5 black bears
  22 ogres
  7 centaurs
  3 wolves (Lair:1)
  4 boggarts (D:15)
  A phantom (D:5)
  4 kobold brigands
  14 bullfrogs
  5 scorpions
  A gnoll sergeant (D:6)
  11 wights
  2 water moccasin zombies (Ossuary)
  8 killer bees (D:8)
  4 howler monkeys (D:10)
  2 electric eels
  2 jellies
  4 quasits (D:9)
  2 hounds
  13 orc priests
  3 iguanas
  26 orc wizards
  5 hell rats (Lair:5)
  2 polar bear simulacra (D:13)
  4 yak simulacra (D:13)
  5 wolf simulacra (D:13)
  2 mummies (Ossuary)
  Robin (D:4)
  7 adders
  3 gnolls (D:6)
  A shadow imp (D:7)
  2 white imps
  4 adder zombies (Ossuary)
  4 worms
  4 dart slugs
  61 orcs
  6 bats
  10 endoplasms
  8 giant cockroaches
  4 gnoll zombies (Ossuary)
  11 goblins
  8 hobgoblins
  8 jackals (D:1)
  25 kobolds
  4 quokkas
  9 ball pythons
  2 frilled lizards
  5 hobgoblin zombies (Ossuary)
  4 kobold zombies (Ossuary)
  8 orc zombies (Ossuary)
  5 rats
785 creatures vanquished.

Notes
Turn   | Place    | Note
-------+----------+-------------------------------------------
     0 | D:1      | qw the Gargoyle Fighter began the quest for the Orb.
     0 | D:1      | Reached XP level 1. HP: 14/14 MP: 1/1
     0 | D:1      | 0 ||| qw: Version: 0.3-a-41-g9d075ac
     0 | D:1      | 0 ||| qw: Game counter: 844
     0 | D:1      | 0 ||| qw: Melee chars always use a shield: true
     0 | D:1      | 0 ||| qw: God list: Okawaru
     0 | D:1      | 0 ||| qw: Allow faded altars: false
     0 | D:1      | 0 ||| qw: Do Orc after clearing Dungeon:15 true
     0 | D:1      | 0 ||| qw: Do second Lair branch before Depths: true
     0 | D:1      | 0 ||| qw: Lair rune preference: random
     0 | D:1      | 0 ||| qw: Goals: Normal, Zot:1-4, Slime:5, God:TSO, Crypt,
                  | Tomb, Abyss, Pan, Hells, Win
     0 | D:1      | 0 ||| PLANNING D:1-11
    29 | D:1      | Reached skill level 2 in Axes
    69 | D:1      | Reached XP level 2. HP: 19/19 MP: 2/2
   144 | D:1      | 144 ||| Stepping ~*~*~tactically~*~*~ (stealth).
   345 | D:1      | Reached skill level 3 in Axes
   492 | D:1      | 492 ||| Stepping ~*~*~tactically~*~*~ (stealth).
   504 | D:1      | Reached XP level 3. HP: 16/23 MP: 3/3
   879 | D:1      | 879 ||| READING scroll labelled DAETI QUORA.
   880 | D:1      | 880 ||| READING scroll labelled COATAN QAOCWUI.
   881 | D:1      | 881 ||| DRINKING 2 fuming purple potions.
  1029 | D:2      | Found a faded altar of an unknown god.
  1030 | D:2      | 1030 ||| DROPPING +0 club.
  1089 | D:2      | Found a burning altar of Makhleb.
  1097 | D:2      | Reached XP level 4. HP: 28/28 MP: 4/4
  1115 | D:2      | Reached skill level 4 in Axes
  1311 | D:2      | 1311 ||| READING 2 scrolls labelled HABUNYACLE.
  1315 | D:2      | 1315 ||| READING 2 scrolls labelled LEKHOT QYGI.
  1315 | D:2      | Identified 2 scrolls of acquirement
  1315 | D:2      | 1315 ||| ACQUIRING +1 war axe of the Enchanting Pariah
                  | {drain, rF+ rN++ rCorr Str-2}
  1315 | D:2      | Acquired the +1 war axe of the Enchanting Pariah {drain,
                  | rF+ rN++ rCorr Str-2}
  1317 | D:2      | 1317 ||| SWAPPING to +1 war axe of the Enchanting Pariah
                  | {drain, rF+ rN++ rCorr Str-2}.
  1318 | D:2      | 1318 ||| READING scroll of acquirement.
  1318 | D:2      | 1318 ||| ACQUIRING ring "Vompuufe" {Will+ Str+3}
  1318 | D:2      | Acquired the ring "Vompuufe" {Will+ Str+3}
  1320 | D:2      | 1320 ||| UPGRADING to ring "Vompuufe" {Will+ Str+3}.
  1522 | D:3      | Found a bloodstained altar of Trog.
  1596 | D:3      | 1596 ||| DROPPING +0 mace.
  1634 | D:3      | Noticed qw's ghost (amateur MiHs)
  1670 | D:3      | Found a runed translucent gate.
  1737 | D:3      | Found a runed translucent gate.
  1737 | D:3      | Found a runed translucent gate.
  2139 | D:3      | 2139 ||| UPGRADING to +2 cloak.
  2144 | D:3      | 2144 ||| UPGRADING to amulet of regeneration.
  2149 | D:3      | 2149 ||| DRINKING 2 sedimented golden potions.
  2150 | D:3      | 2150 ||| DRINKING 2 grey potions.
  2206 | D:3      | 2206 ||| READING 5 scrolls of identify.
  2206 | D:3      | 2206 ||| IDENTIFYING bubbling ruby potion
  2207 | D:3      | 2207 ||| READING 4 scrolls of identify.
  2207 | D:3      | 2207 ||| IDENTIFYING fizzy pink potion
  2208 | D:3      | 2208 ||| DROPPING potion of invisibility.
  2237 | D:4      | Noticed a scorpion
  2248 | D:4      | Killed a scorpion
  2249 | D:4      | Reached skill level 5 in Axes
  2249 | D:4      | Reached XP level 5. HP: 32/32 MP: 5/5
  2257 | D:4      | Found a staircase to the Ecumenical Temple.
  2258 | D:4      | 2258 ||| PLANNING TEMPLE
  2258 | D:4      | 2258 ||| READING scroll labelled LEFFOOX USEHE.
  2267 | Temple   | Entered the Ecumenical Temple
  2285 | Temple   | 2285 ||| PLANNING OKAWARU WORSHIP
  2406 | Temple   | Became a worshipper of Warmaster Okawaru
  2407 | Temple   | 2407 ||| PLANNING D:1-11
  2434 | D:4      | Noticed Robin
  2435 | D:4      | 2435 ||| Stepping ~*~*~tactically~*~*~ (stealth).
  2451 | D:4      | Killed Robin
  2709 | D:4      | 2709 ||| Stepping ~*~*~tactically~*~*~ (stealth).
  2724 | D:4      | Reached XP level 6. HP: 36/38 MP: 6/6
  2795 | D:4      | 2795 ||| Stepping ~*~*~tactically~*~*~ (stealth).
  2797 | D:4      | 2797 ||| Stepping ~*~*~tactically~*~*~ (hiding).
  3152 | D:4      | 3152 ||| UPGRADING to +0 chain mail.
  3162 | D:4      | 3162 ||| DROPPING +0 scale mail.
  3163 | D:4      | 3163 ||| UPGRADING to +0 helmet.
  3168 | D:4      | 3168 ||| READING scroll labelled NAIWED PIFOASH.
  3182 | D:5      | Entered Level 5 of the Dungeon
  3183 | D:5      | 3183 ||| PLANNING OSSUARY
  3206 | D:5      | Reached skill level 6 in Axes
  3317 | D:5      | Reached * piety under Okawaru
  3318 | D:5      | Reached skill level 1 in Dodging
  3400 | D:5      | Found Keci's Vocational Training.
  3454 | D:5      | Noticed a black bear
  3455 | D:5      | 3455 ||| INVOKING Heroism.
  3459 | D:5      | Killed a black bear
  3460 | D:5      | Reached XP level 7. HP: 43/43 MP: 4/7
  3512 | D:5      | 3512 ||| INVOKING Heroism.
  3517 | D:5      | Reached skill level 1 in Invocations
  3551 | D:5      | Found a runed translucent door.
  3552 | D:5      | Noticed Crazy Yiuf
  3593 | D:5      | Found a sand-covered staircase.
  3595 | D:5      | 3595 ||| UPGRADING to +0 pair of gloves.
  3600 | D:5      | 3600 ||| UPGRADING to +1 chain mail of positive energy.
  3610 | D:5      | 3610 ||| DROPPING +0 chain mail.
  3611 | D:5      | 3611 ||| READING scroll labelled WEIMNU BACSEGO.
  3612 | D:5      | 3612 ||| READING scroll labelled XEBYRH MUSH.
  3619 | D:5      | 3619 ||| READING 3 scrolls of identify.
  3619 | D:5      | 3619 ||| IDENTIFYING amethyst potion
  3620 | D:5      | 3620 ||| READING 2 scrolls of identify.
  3620 | D:5      | 3620 ||| IDENTIFYING orange potion
  3629 | Ossuary  | Entered an ossuary
  3778 | Ossuary  | 3778 ||| INVOKING Heroism.
  3821 | Ossuary  | 3821 ||| READING scroll labelled JESONKEXYR.
  3822 | Ossuary  | 3822 ||| READING scroll labelled WAKEEH LYIMUOR.
  3829 | D:5      | 3829 ||| PLANNING D:1-11
  3898 | D:5      | Noticed Prince Ribbit
  3899 | D:5      | 3899 ||| INVOKING Heroism.
  3918 | D:5      | Reached skill level 7 in Axes
  3918 | D:5      | Reached XP level 8. HP: 48/48 MP: 9/9
  3918 | D:5      | 3918 ||| INVOKING Heroism.
  3921 | D:5      | Found a shadowy altar of Dithmenos.
  3929 | D:5      | Killed Prince Ribbit
  4195 | D:6      | 4195 ||| Stepping ~*~*~tactically~*~*~ (stealth).
  4197 | D:6      | Noticed Menkaure
  4198 | D:6      | 4198 ||| Stepping ~*~*~tactically~*~*~ (hiding).
  4199 | D:6      | 4199 ||| INVOKING Heroism.
  4208 | D:6      | Reached skill level 1 in Throwing
  4208 | D:6      | Reached skill level 3 in Invocations
  4214 | D:6      | Killed Menkaure
  4450 | D:6      | 4450 ||| INVOKING Heroism.
  4522 | D:6      | Found a transporter.
  4554 | D:6      | Found a transporter.
  4571 | D:6      | Reached skill level 8 in Axes
  4571 | D:6      | Reached XP level 9. HP: 54/54 MP: 12/12
  4584 | D:6      | Identified the +3 long sword of the Supporting Coward
                  | {heavy, rElec}
  4612 | D:6      | 4612 ||| INVOKING Heroism.
  4621 | D:6      | Reached skill level 6 in Fighting
  4765 | D:6      | 4765 ||| Stepping ~*~*~tactically~*~*~ (hiding).
  4774 | D:6      | 4774 ||| Stepping ~*~*~tactically~*~*~ (hiding).
  5105 | D:6      | 5105 ||| READING scroll labelled IGIKHE EHAU.
  5106 | D:6      | 5106 ||| READING scroll labelled JEFIHI ZEFEFU.
  5107 | D:6      | 5107 ||| READING 4 scrolls of identify.
  5107 | D:6      | 5107 ||| IDENTIFYING clear potion
  5127 | D:7      | 5127 ||| INVOKING Heroism.
  5171 | D:7      | 5171 ||| INVOKING Heroism.
  5189 | D:7      | 5189 ||| DROPPING +0 flail.
  5207 | D:7      | 5207 ||| INVOKING Heroism.
  5216 | D:7      | Reached skill level 9 in Axes
  5232 | D:7      | Reached ** piety under Okawaru
  5240 | D:7      | 5240 ||| INVOKING Heroism.
  5339 | D:7      | 5339 ||| INVOKING Heroism.
  5428 | D:7      | Noticed a cyclops
  5429 | D:7      | 5429 ||| INVOKING Heroism.
  5431 | D:7      | 5431 ||| Stepping ~*~*~tactically~*~*~ (hiding).
  5442 | D:7      | Killed a cyclops
  5509 | D:7      | 5509 ||| Stepping ~*~*~tactically~*~*~ (stealth).
  5511 | D:7      | 5511 ||| Stepping ~*~*~tactically~*~*~ (stealth).
  5683 | D:7      | 5683 ||| UPGRADING to +0 plate armour.
  5693 | D:7      | 5693 ||| DROPPING +1 chain mail of positive energy.
  5694 | D:7      | 5694 ||| UPGRADING to +3 plate armour.
  5704 | D:7      | 5704 ||| DROPPING +0 plate armour.
  5705 | D:7      | 5705 ||| READING 5 scrolls of identify.
  5705 | D:7      | 5705 ||| IDENTIFYING red potion
  5706 | D:7      | 5706 ||| DROPPING potion of ambrosia.
  5733 | D:8      | Reached XP level 10. HP: 57/63 MP: 13/13
  5734 | D:8      | 5734 ||| STAIRDANCE
  5756 | D:8      | Reached skill level 6 in Armour
  5772 | D:8      | Noticed Amaemon
  5772 | D:8      | Noticed an orange demon
  5773 | D:8      | 5773 ||| INVOKING Heroism.
  5788 | D:8      | 5788 ||| INVOKING Heroism.
  5789 | D:8      | Killed an orange demon
  5790 | D:8      | Reached skill level 10 in Axes
  5797 | D:8      | Killed Amaemon
  5862 | D:8      | 5862 ||| Stepping ~*~*~tactically~*~*~ (stealth).
  5922 | D:8      | Found a hide-covered altar of Uskayaw.
  5922 | D:8      | Noticed a two-headed ogre
  5923 | D:8      | 5923 ||| INVOKING Heroism.
  5929 | D:8      | Killed a two-headed ogre
  5929 | D:8      | Reached *** piety under Okawaru
  5930 | D:8      | Reached skill level 3 in Throwing
  5985 | D:8      | 5985 ||| Stepping ~*~*~tactically~*~*~ (hiding).
  5987 | D:8      | Noticed Gastronok
  5988 | D:8      | 5988 ||| INVOKING Heroism.
  5993 | D:8      | 5993 ||| Stepping ~*~*~tactically~*~*~ (hiding).
  6010 | D:8      | Killed Gastronok
  6011 | D:8      | Reached skill level 11 in Axes
  6011 | D:8      | Reached XP level 11. HP: 59/68 MP: 14/14
  6041 | D:8      | 6041 ||| Stepping ~*~*~tactically~*~*~ (hiding).
  6068 | D:8      | 6068 ||| Stepping ~*~*~tactically~*~*~ (stealth).
  6121 | D:8      | 6121 ||| Stepping ~*~*~tactically~*~*~ (hiding).
  6194 | D:8      | 6194 ||| Stepping ~*~*~tactically~*~*~ (hiding).
  6199 | D:8      | 6199 ||| INVOKING Heroism.
  6331 | D:8      | Noticed Maurice
  6332 | D:8      | 6332 ||| Stepping ~*~*~tactically~*~*~ (hiding).
  6382 | D:8      | Killed Maurice
  6445 | D:8      | 6445 ||| UPGRADING to +0 pair of boots of flying.
  6450 | D:8      | 6450 ||| READING 5 scrolls of identify.
  6450 | D:8      | 6450 ||| IDENTIFYING ruby potion
  6468 | D:9      | 6468 ||| INVOKING Heroism.
  6511 | D:9      | 6511 ||| Stepping ~*~*~tactically~*~*~ (stealth).
  6520 | D:9      | 6520 ||| INVOKING Heroism.
  6528 | D:9      | Reached skill level 9 in Fighting
  6540 | D:9      | 6540 ||| Stepping ~*~*~tactically~*~*~ (stealth).
  6541 | D:9      | 6541 ||| Stepping ~*~*~tactically~*~*~ (stealth).
  6587 | D:9      | 6587 ||| INVOKING Heroism.
  6624 | D:9      | Identified the +0 rapier of Chaos {venom, *Slow rPois
                  | Int+3}
  6638 | D:9      | 6638 ||| Stepping ~*~*~tactically~*~*~ (stealth).
  6646 | D:9      | 6646 ||| Stepping ~*~*~tactically~*~*~ (hiding).
  6654 | D:9      | Reached skill level 9 in Armour
  6773 | D:9      | 6773 ||| Stepping ~*~*~tactically~*~*~ (stealth).
  6778 | D:9      | 6778 ||| Stepping ~*~*~tactically~*~*~ (hiding).
  6820 | D:9      | Reached **** piety under Okawaru
  6944 | D:9      | 6944 ||| DROPPING +1 flail of holy wrath.
  6945 | D:9      | 6945 ||| DROPPING +0 morningstar.
  7002 | D:9      | Found a radiant altar of Vehumet.
  7014 | D:9      | 7014 ||| FLEEEEING.
  7015 | D:9      | 7015 ||| FLEEEEING.
  7016 | D:9      | 7016 ||| FLEEEEING.
  7017 | D:9      | 7017 ||| FLEEEEING.
  7018 | D:9      | 7018 ||| FLEEEEING.
  7020 | D:9      | 7020 ||| FLEEEEING.
  7021 | D:9      | 7021 ||| FLEEEEING.
  7022 | D:9      | 7022 ||| FLEEEEING.
  7024 | D:9      | 7024 ||| FLEEEEING.
  7026 | D:9      | 7026 ||| FLEEEEING.
  7027 | D:9      | 7027 ||| FLEEEEING.
  7120 | D:9      | 7120 ||| Stepping ~*~*~tactically~*~*~ (stealth).
  7206 | D:9      | 7206 ||| INVOKING Heroism.
  7312 | D:9      | 7312 ||| INVOKING Heroism.
  7399 | D:9      | 7399 ||| UPGRADING to +0 buckler of reflection.
  7409 | D:9      | 7409 ||| DROPPING +0 buckler.
  7410 | D:9      | 7410 ||| READING scroll labelled OCZITSEUHEV.
  7411 | D:9      | 7411 ||| READING scroll labelled IPSUEFODUA.
  7412 | D:9      | 7412 ||| READING 6 scrolls of identify.
  7412 | D:9      | 7412 ||| IDENTIFYING cyan potion
  7422 | D:9      | 7422 ||| Stepping ~*~*~tactically~*~*~ (hiding).
  7426 | D:9      | 7426 ||| INVOKING Heroism.
  7459 | D:10     | Entered Level 10 of the Dungeon
  7479 | D:10     | 7479 ||| Stepping ~*~*~tactically~*~*~ (hiding).
  7553 | D:10     | 7553 ||| Stepping ~*~*~tactically~*~*~ (hiding).
  7563 | D:10     | Reached skill level 6 in Invocations
  7709 | D:10     | 7709 ||| Stepping ~*~*~tactically~*~*~ (hiding).
  7710 | D:10     | 7710 ||| Stepping ~*~*~tactically~*~*~ (hiding).
  7711 | D:10     | 7711 ||| Stepping ~*~*~tactically~*~*~ (hiding).
  7712 | D:10     | 7712 ||| Stepping ~*~*~tactically~*~*~ (hiding).
  7713 | D:10     | 7713 ||| Stepping ~*~*~tactically~*~*~ (hiding).
  7954 | D:10     | Noticed Joseph
  7955 | D:10     | 7955 ||| Stepping ~*~*~tactically~*~*~ (hiding).
  7972 | D:10     | Killed Joseph
  7972 | D:10     | Reached ***** piety under Okawaru
  7973 | D:10     | Reached skill level 12 in Axes
  7975 | D:10     | Found an ancient bone altar of Kikubaaqudgha.
  7985 | D:10     | 7985 ||| Stepping ~*~*~tactically~*~*~ (stealth).
  7987 | D:10     | 7987 ||| Stepping ~*~*~tactically~*~*~ (stealth).
  7990 | D:10     | 7990 ||| INVOKING Heroism.
  8327 | D:10     | 8327 ||| UPGRADING to +4 ring of protection.
  8328 | D:10     | 8328 ||| READING 3 scrolls labelled ZAQ XYROPEETHE.
  8429 | D:10     | 8429 ||| DROPPING 2 scrolls of silence.
  8480 | D:11     | Identified the +4 ring mail of Heresy {Drain rPois rN+++
                  | Dex+3}
  8492 | D:11     | Found a runed translucent door.
  8492 | D:11     | Noticed qw's ghost (journeyman GrFi)
  8507 | D:11     | Noticed a cyclops
  8508 | D:11     | 8508 ||| INVOKING Heroism.
  8515 | D:11     | Killed a cyclops
  8515 | D:11     | Received a gift from Okawaru
  8516 | D:11     | Reached XP level 12. HP: 76/76 MP: 15/17
  8566 | D:11     | Noticed a two-headed ogre
  8572 | D:11     | Killed a two-headed ogre
  8620 | D:11     | Found a staircase to the Orcish Mines.
  8655 | D:11     | 8655 ||| Stepping ~*~*~tactically~*~*~ (hiding).
  8664 | D:11     | 8664 ||| Stepping ~*~*~tactically~*~*~ (hiding).
  8670 | D:11     | Noticed a two-headed ogre
  8679 | D:11     | Killed a two-headed ogre
  8680 | D:11     | Reached skill level 6 in Shields
  8689 | D:11     | Found Otuki's Antique Armour Boutique.
  8710 | D:11     | 8710 ||| INVOKING Heroism.
  8756 | D:11     | Found a staircase to the Lair.
  8771 | D:11     | Found Fupat's Jewellery Shoppe.
  8781 | D:11     | 8781 ||| SHOPLISTING +4 ring of slaying (858 gold, have
                  | 659).
  8781 | D:11     | 8781 ||| BUYING ring of Ytata {Fly rC++ rN+ Will+ Str-5}
                  | (458 gold).
  8781 | D:11     | Bought the ring of Ytata {Fly rC++ rN+ Will+ Str-5} for 458
                  | gold pieces
  8781 | D:11     | 8781 ||| SHOPLISTING ring of ice (275 gold, have 201).
  8781 | D:11     | 8781 ||| SHOPLISTING ring of resist corrosion (220 gold,
                  | have 201).
  8805 | D:11     | Found Mekhluth's Antique Armour Shoppe.
  8811 | D:11     | 8811 ||| Stepping ~*~*~tactically~*~*~ (stealth).
  8816 | D:11     | 8816 ||| Stepping ~*~*~tactically~*~*~ (stealth).
  8821 | D:11     | 8821 ||| Stepping ~*~*~tactically~*~*~ (hiding).
  8836 | D:11     | 8836 ||| BUYING glowing helmet (187 gold).
  8836 | D:11     | Bought a glowing helmet for 187 gold pieces
  8860 | D:11     | 8860 ||| DROPPING +3 morningstar.
  9097 | D:11     | 9097 ||| PLANNING LAIR
  9097 | D:11     | 9097 ||| UPGRADING to +0 kite shield.
  9107 | D:11     | 9107 ||| DROPPING +0 buckler of reflection.
  9108 | D:11     | 9108 ||| UPGRADING to +2 helmet.
  9118 | D:11     | 9118 ||| DROPPING +0 helmet.
  9119 | D:11     | 9119 ||| DROPPING +6 ring of intelligence.
  9162 | Lair:1   | Entered Level 1 of the Lair of Beasts
  9279 | Lair:1   | Identified the +0 leather armour of Gymenew {-Cast rF+
                  | Will+ Dex+2}
  9360 | Lair:1   | 9360 ||| INVOKING Heroism.
  9365 | Lair:1   | Reached skill level 9 in Invocations
  9468 | Lair:1   | Noticed Grum
  9469 | Lair:1   | 9469 ||| INVOKING Heroism.
  9470 | Lair:1   | 9470 ||| INVOKING Finesse.
  9482 | Lair:1   | Killed Grum
  9587 | Lair:1   | 9587 ||| Stepping ~*~*~tactically~*~*~ (stealth).
  9589 | Lair:1   | 9589 ||| INVOKING Heroism.
  9864 | Lair:1   | Found a large runed translucent door.
  9864 | Lair:1   | Found a large runed translucent door.
  9866 | Lair:1   | Noticed qw's ghost (journeyman GrFi)
 10021 | Lair:1   | 10021 ||| DROPPING amulet of magic regeneration.
 10022 | Lair:1   | 10022 ||| READING 8 scrolls of identify.
 10022 | Lair:1   | 10022 ||| IDENTIFYING metallic blue potion
 10023 | Lair:1   | 10023 ||| DROPPING potion of brilliance.
 10214 | Lair:2   | 10214 ||| Stepping ~*~*~tactically~*~*~ (stealth).
 10308 | Lair:2   | Reached skill level 9 in Shields
 10383 | Lair:2   | 10383 ||| Stepping ~*~*~tactically~*~*~ (stealth).
 10386 | Lair:2   | Noticed a boulder beetle
 10387 | Lair:2   | 10387 ||| Stepping ~*~*~tactically~*~*~ (stealth).
 10397 | Lair:2   | 10397 ||| INVOKING Heroism.
 10398 | Lair:2   | 10398 ||| INVOKING Finesse.
 10416 | Lair:2   | Killed a boulder beetle
 10417 | Lair:2   | Reached XP level 13. HP: 50/80 MP: 13/20
 10460 | Lair:2   | Found a hole to the Spider Nest.
 10470 | Lair:2   | 10470 ||| INVOKING Heroism.
 11137 | Lair:2   | 11137 ||| DROPPING +0 pair of boots of rampaging.
 11138 | Lair:2   | 11138 ||| READING scroll labelled ADYELE OBOFOIM.
 11173 | Lair:3   | 11173 ||| INVOKING Heroism.
 11174 | Lair:3   | 11174 ||| INVOKING Finesse.
 11223 | Lair:3   | 11223 ||| INVOKING Finesse.
 11236 | Lair:3   | 11236 ||| INVOKING Heroism.
 11364 | Lair:3   | Found a staircase to the Shoals.
 11417 | Lair:3   | 11417 ||| INVOKING Heroism.
 11418 | Lair:3   | 11418 ||| Stepping ~*~*~tactically~*~*~ (stealth).
 11490 | Lair:3   | 11490 ||| Stepping ~*~*~tactically~*~*~ (stealth).
 11495 | Lair:3   | 11495 ||| INVOKING Heroism.
 11551 | Lair:3   | 11551 ||| INVOKING Heroism.
 11648 | Lair:3   | 11648 ||| Stepping ~*~*~tactically~*~*~ (hiding).
 11887 | Lair:3   | 11887 ||| INVOKING Heroism.
 11908 | Lair:3   | 11908 ||| SWAPPING to -2 demon whip of venom.
 11914 | Lair:3   | 11914 ||| SWAPPING to +1 war axe of the Enchanting Pariah
                  | {drain, rF+ rN++ rCorr Str-2}.
 12061 | Lair:3   | 12061 ||| READING 8 scrolls of identify.
 12061 | Lair:3   | 12061 ||| IDENTIFYING metallic golden potion
 12087 | Lair:4   | Found a viscous altar of Jiyva.
 12087 | Lair:4   | Found a staircase to the Slime Pits.
 12088 | Lair:4   | 12088 ||| INVOKING Heroism.
 12111 | Lair:4   | 12111 ||| Stepping ~*~*~tactically~*~*~ (stealth).
 12128 | Lair:4   | 12128 ||| INVOKING Heroism.
 12152 | Lair:4   | Reached skill level 13 in Axes
 12161 | Lair:4   | 12161 ||| INVOKING Heroism.
 12781 | Lair:4   | 12781 ||| Stepping ~*~*~tactically~*~*~ (hiding).
 12782 | Lair:4   | 12782 ||| Stepping ~*~*~tactically~*~*~ (hiding).
 12819 | Lair:4   | 12819 ||| DROPPING ring of positive energy.
 12840 | Lair:5   | Entered Level 5 of the Lair of Beasts
 12866 | Lair:5   | Received a gift from Okawaru
 12878 | Lair:5   | 12878 ||| Stepping ~*~*~tactically~*~*~ (stealth).
 12926 | Lair:5   | 12926 ||| INVOKING Heroism.
 12982 | Lair:5   | 12982 ||| INVOKING Heroism.
 13007 | Lair:5   | 13007 ||| Stepping ~*~*~tactically~*~*~ (stealth).
 13016 | Lair:5   | Gained mutation: Your large and strong wings let you fly.
                  | [Gargoyle growth]
 13016 | Lair:5   | Reached XP level 14. HP: 88/88 MP: 21/21
 13020 | Lair:5   | 13020 ||| Stepping ~*~*~tactically~*~*~ (stealth).
 13039 | Lair:5   | Reached skill level 14 in Axes
 13101 | Lair:5   | 13101 ||| INVOKING Heroism.
 13102 | Lair:5   | 13102 ||| INVOKING Finesse.
 13166 | Lair:5   | 13166 ||| Stepping ~*~*~tactically~*~*~ (stealth).
 13172 | Lair:5   | 13172 ||| Stepping ~*~*~tactically~*~*~ (stealth).
 13181 | Lair:5   | Received a gift from Okawaru
 13247 | Lair:5   | 13247 ||| Stepping ~*~*~tactically~*~*~ (hiding).
 13373 | Lair:5   | 13373 ||| Stepping ~*~*~tactically~*~*~ (stealth).
 13533 | Lair:5   | Found a runed translucent door.
 13535 | Lair:5   | 13535 ||| INVOKING Heroism.
 13565 | Lair:5   | 13565 ||| Stepping ~*~*~tactically~*~*~ (stealth).
 13577 | Lair:5   | 13577 ||| INVOKING Heroism.
 13586 | Lair:5   | 13586 ||| Stepping ~*~*~tactically~*~*~ (stealth).
 13589 | Lair:5   | 13589 ||| Stepping ~*~*~tactically~*~*~ (stealth).
 13591 | Lair:5   | 13591 ||| Stepping ~*~*~tactically~*~*~ (stealth).
 13611 | Lair:5   | 13611 ||| Stepping ~*~*~tactically~*~*~ (stealth).
 13626 | Lair:5   | 13626 ||| INVOKING Heroism.
 13676 | Lair:5   | 13676 ||| FLEEEEING.
 13677 | Lair:5   | 13677 ||| Stepping ~*~*~tactically~*~*~ (hiding).
 13678 | Lair:5   | 13678 ||| FLEEEEING.
 13679 | Lair:5   | 13679 ||| INVOKING Heroism.
 13855 | Lair:5   | 13855 ||| INVOKING Heroism.
 13856 | Lair:5   | 13856 ||| INVOKING Finesse.
 14059 | Lair:5   | 14059 ||| INVOKING Heroism.
 14060 | Lair:5   | 14060 ||| INVOKING Finesse.
 14069 | Lair:5   | Reached skill level 12 in Shields
 14350 | Lair:5   | 14350 ||| PLANNING D
 14350 | Lair:5   | 14350 ||| DROPPING +6 ring of dexterity.
 14351 | Lair:5   | 14351 ||| DROPPING ring of wizardry.
 14352 | Lair:5   | 14352 ||| READING 7 scrolls of identify.
 14352 | Lair:5   | 14352 ||| IDENTIFYING fuming pink potion
 14353 | Lair:5   | 14353 ||| DROPPING potion of degeneration.
 14561 | D:12     | 14561 ||| Stepping randomly (disturbance).
 14562 | D:12     | 14562 ||| Stepping randomly (disturbance).
 14658 | D:12     | 14658 ||| INVOKING Heroism.
 14659 | D:12     | 14659 ||| INVOKING Finesse.
 14769 | D:12     | 14769 ||| Stepping ~*~*~tactically~*~*~ (hiding).
 15088 | D:12     | 15088 ||| Stepping ~*~*~tactically~*~*~ (hiding).
 15089 | D:12     | 15089 ||| Stepping ~*~*~tactically~*~*~ (hiding).
 15256 | D:12     | 15256 ||| INVOKING Heroism.
 15298 | D:12     | Received a gift from Okawaru
 15495 | D:12     | 15495 ||| UPGRADING to +6 ring of strength.
 15497 | D:12     | 15497 ||| UPGRADING to ring "Vompuufe" {Will+ Str+3}.
 15499 | D:12     | 15499 ||| READING scroll labelled APTIOHYTEX.
 15526 | D:13     | Reached skill level 6 in Throwing
 15629 | D:13     | 15629 ||| INVOKING Heroism.
 15657 | D:13     | 15657 ||| INVOKING Heroism.
 15658 | D:13     | 15658 ||| INVOKING Finesse.
 15733 | D:13     | 15733 ||| Stepping ~*~*~tactically~*~*~ (hiding).
 15811 | D:13     | Received a gift from Okawaru
 15888 | D:13     | 15888 ||| INVOKING Heroism.
 15913 | D:13     | Reached skill level 15 in Axes
 15918 | D:13     | Reached XP level 15. HP: 89/94 MP: 22/22
 15942 | D:13     | 15942 ||| Stepping ~*~*~tactically~*~*~ (stealth).
 15954 | D:13     | 15954 ||| Stepping ~*~*~tactically~*~*~ (stealth).
 15955 | D:13     | 15955 ||| Stepping ~*~*~tactically~*~*~ (stealth).
 15968 | D:13     | Reached skill level 3 in Dodging
 15993 | D:13     | Found a gate to the Vaults.
 16029 | D:13     | 16029 ||| INVOKING Heroism.
 16030 | D:13     | 16030 ||| INVOKING Finesse.
 16034 | D:13     | 16034 ||| SWAPPING to -2 demon whip of venom.
 16036 | D:13     | 16036 ||| SWAPPING to +1 war axe of the Enchanting Pariah
                  | {drain, rF+ rN++ rCorr Str-2}.
 16087 | D:13     | 16087 ||| READING scroll of enchant armour.
 16087 | D:13     | 16087 ||| ENCHANTING +0 pair of gloves.
 16227 | D:13     | 16227 ||| DROPPING +2 hat.
 16260 | D:14     | 16260 ||| PLANNING GAUNTLET
 16260 | D:14     | 16260 ||| INVOKING Heroism.
 16261 | D:14     | 16261 ||| INVOKING Finesse.
 16268 | D:14     | 16268 ||| SWAPPING to -2 demon whip of venom.
 16279 | D:14     | 16279 ||| SWAPPING to +1 war axe of the Enchanting Pariah
                  | {drain, rF+ rN++ rCorr Str-2}.
 16288 | D:14     | Reached skill level 12 in Fighting
 16289 | D:14     | Received a gift from Okawaru
 16345 | D:14     | Found a blossoming altar of Fedhas.
 16440 | D:14     | 16440 ||| Stepping ~*~*~tactically~*~*~ (stealth).
 16447 | D:14     | 16447 ||| Stepping ~*~*~tactically~*~*~ (hiding).
 16455 | D:14     | 16455 ||| Stepping ~*~*~tactically~*~*~ (hiding).
 16458 | D:14     | 16458 ||| INVOKING Heroism.
 16489 | D:14     | 16489 ||| INVOKING Heroism.
 16603 | D:14     | Found a gate leading to a gauntlet.
 16619 | Gauntlet | Entered a Gauntlet
 16619 | Gauntlet | Found a transporter.
 16634 | Gauntlet | Found a transporter.
 16635 | Gauntlet | Found a transporter.
 16647 | Gauntlet | Found a transporter.
 16648 | Gauntlet | Found a transporter.
 16652 | Gauntlet | Found a transporter.
 16657 | Gauntlet | Found a transporter.
 16660 | Gauntlet | Found a transporter.
 16661 | Gauntlet | Found a transporter.
 16669 | Gauntlet | Found a transporter.
 16673 | Gauntlet | Found a transporter.
 16674 | Gauntlet | Found a transporter.
 16682 | Gauntlet | Found a transporter.
 16752 | Gauntlet | Found a transporter.
 16848 | Gauntlet | 16848 ||| INVOKING Heroism.
 16949 | D:14     | 16949 ||| PLANNING D
 17013 | D:14     | 17013 ||| Stepping ~*~*~tactically~*~*~ (stealth).
 17151 | D:14     | Noticed Josephine
 17152 | D:14     | 17152 ||| Stepping ~*~*~tactically~*~*~ (hiding).
 17167 | D:14     | Killed Josephine
 17369 | D:14     | Identified the +3 hand axe "Ultimatum" {elec, rF+ rC++
                  | Str+2 Dex-3}
 17579 | D:15     | Entered Level 15 of the Dungeon
 17628 | D:15     | 17628 ||| Stepping ~*~*~tactically~*~*~ (hiding).
 17846 | D:15     | 17846 ||| Stepping ~*~*~tactically~*~*~ (hiding).
 17850 | D:15     | 17850 ||| INVOKING Heroism.
 17866 | D:15     | Reached skill level 16 in Axes
 17880 | D:15     | Found a staircase to the Depths.
 17917 | D:15     | 17917 ||| INVOKING Heroism.
 17918 | D:15     | 17918 ||| INVOKING Finesse.
 18018 | D:15     | 18018 ||| Stepping ~*~*~tactically~*~*~ (stealth).
 18185 | D:15     | 18185 ||| Stepping ~*~*~tactically~*~*~ (hiding).
 18187 | D:15     | 18187 ||| Stepping ~*~*~tactically~*~*~ (hiding).
 18278 | D:15     | Reached skill level 12 in Armour
 18534 | D:15     | 18534 ||| PLANNING ORC
 18669 | Orc:1    | Entered Level 1 of the Orcish Mines
 18858 | Orc:2    | Entered Level 2 of the Orcish Mines
 18875 | Orc:2    | Received a gift from Okawaru
 18897 | Orc:1    | 18897 ||| INVOKING Heroism.
 19010 | Orc:2    | 19010 ||| Stepping ~*~*~tactically~*~*~ (hiding).
 19027 | Orc:2    | 19027 ||| Stepping ~*~*~tactically~*~*~ (stealth).
 19027 | Orc:2    | Found Iwnadwekh's Antique Armour Emporium.
 19038 | Orc:2    | 19038 ||| INVOKING Heroism.
 19045 | Orc:2    | Received a gift from Okawaru
 19056 | Orc:2    | 19056 ||| Stepping ~*~*~tactically~*~*~ (stealth).
 19061 | Orc:2    | 19061 ||| Stepping ~*~*~tactically~*~*~ (hiding).
 19063 | Orc:2    | 19063 ||| INVOKING Heroism.
 19066 | Orc:2    | Reached XP level 16. HP: 76/103 MP: 20/23
 19124 | Orc:2    | 19124 ||| INVOKING Heroism.
 19174 | Orc:2    | 19174 ||| SWAPPING to +0 vampiric broad axe.
 19187 | Orc:2    | Found Ceutecvy's Book Shoppe.
 19188 | Orc:2    | 19188 ||| Stepping ~*~*~tactically~*~*~ (stealth).
 19192 | Orc:2    | 19192 ||| Stepping ~*~*~tactically~*~*~ (stealth).
 19200 | Orc:2    | Found Inelecw's Weapon Shop.
 19392 | Orc:2    | Found Kast's Antique Weapon Emporium.
 19435 | Orc:2    | 19435 ||| Stepping ~*~*~tactically~*~*~ (hiding).
 19442 | Orc:2    | 19442 ||| Stepping ~*~*~tactically~*~*~ (hiding).
 19485 | Orc:2    | 19485 ||| Stepping ~*~*~tactically~*~*~ (stealth).
 19487 | Orc:2    | 19487 ||| Stepping ~*~*~tactically~*~*~ (stealth).
 19489 | Orc:2    | 19489 ||| Stepping ~*~*~tactically~*~*~ (hiding).
 19547 | Orc:2    | Found a staircase to the Elven Halls.
 19749 | Orc:2    | 19749 ||| PLANNING SPIDER:1-3
 19869 | Spider:1 | Entered Level 1 of the Spider Nest
 19906 | Spider:1 | 19906 ||| Stepping ~*~*~tactically~*~*~ (stealth).
 19907 | Spider:1 | 19907 ||| Stepping ~*~*~tactically~*~*~ (stealth).
 19908 | Spider:1 | 19908 ||| Stepping ~*~*~tactically~*~*~ (hiding).
 19909 | Spider:1 | 19909 ||| Stepping ~*~*~tactically~*~*~ (hiding).
 20083 | Spider:1 | Received a gift from Okawaru
 20120 | Spider:1 | 20120 ||| Stepping ~*~*~tactically~*~*~ (hiding).
 20159 | Spider:1 | 20159 ||| Stepping ~*~*~tactically~*~*~ (stealth).
 20161 | Spider:1 | 20161 ||| Stepping ~*~*~tactically~*~*~ (stealth).
 20162 | Spider:1 | 20162 ||| INVOKING Heroism.
 20184 | Spider:1 | Identified the +0 tower shield "Paniu" {Will++ Str+8 Slay-2
                  | Stlth+} (Okawaru gifted it to you on level 1 of the Spider
                  | Nest)
 20184 | Spider:1 | Received a gift from Okawaru
 20537 | Spider:1 | 20537 ||| UPGRADING to +0 tower shield "Paniu" {Will++
                  | Str+8 Slay-2 Stlth+}.
 20547 | Spider:1 | 20547 ||| DROPPING +0 kite shield.
 20562 | Spider:2 | 20562 ||| Stepping ~*~*~tactically~*~*~ (hiding).
 20563 | Spider:2 | 20563 ||| Stepping ~*~*~tactically~*~*~ (stealth).
 20568 | Spider:2 | 20568 ||| INVOKING Heroism.
 20584 | Spider:2 | 20584 ||| INVOKING Finesse.
 20585 | Spider:2 | 20585 ||| STAIRDANCE
 20657 | Spider:2 | 20657 ||| INVOKING Heroism.
 20659 | Spider:2 | 20659 ||| INVOKING Finesse.
 20669 | Spider:2 | 20669 ||| STAIRDANCE
 20810 | Spider:2 | 20810 ||| INVOKING Finesse.
 20883 | Spider:2 | 20883 ||| Stepping ~*~*~tactically~*~*~ (stealth).
 20926 | Spider:2 | 20926 ||| Stepping ~*~*~tactically~*~*~ (hiding).
 20972 | Spider:2 | 20972 ||| Stepping ~*~*~tactically~*~*~ (stealth).
 21024 | Spider:2 | 21024 ||| Stepping ~*~*~tactically~*~*~ (stealth).
 21027 | Spider:2 | 21027 ||| Stepping ~*~*~tactically~*~*~ (hiding).
 21080 | Spider:2 | 21080 ||| Stepping ~*~*~tactically~*~*~ (stealth).
 21087 | Spider:2 | 21087 ||| Stepping ~*~*~tactically~*~*~ (stealth).
 21117 | Spider:2 | 21117 ||| READING scroll of enchant armour.
 21117 | Spider:2 | 21117 ||| ENCHANTING +1 pair of gloves.
 21216 | Spider:2 | HP: 21/104 [something (6)]
 21217 | Spider:2 | 21217 ||| READING 7 scrolls of teleportation.
 21217 | Spider:2 | HP: 8/104 [something (11)]
 21218 | Spider:2 | 21218 ||| DRINKING 2 potions of heal wounds.
 21219 | Spider:2 | 21219 ||| DRINKING potion of heal wounds.
 21354 | Spider:2 | 21354 ||| INVOKING Heroism.
 21356 | Spider:2 | 21356 ||| Stepping ~*~*~tactically~*~*~ (hiding).
 21357 | Spider:2 | 21357 ||| Stepping ~*~*~tactically~*~*~ (hiding).
 21378 | Spider:2 | 21378 ||| INVOKING Finesse.
 21413 | Spider:2 | Reached skill level 15 in Shields
 21817 | Spider:2 | HP: 26/104 [something (3)]
 21984 | Spider:3 | 21984 ||| Stepping ~*~*~tactically~*~*~ (stealth).
 22025 | Spider:3 | 22025 ||| Stepping ~*~*~tactically~*~*~ (hiding).
 22026 | Spider:3 | 22026 ||| Stepping ~*~*~tactically~*~*~ (hiding).
 22027 | Spider:3 | 22027 ||| Stepping ~*~*~tactically~*~*~ (hiding).
 22031 | Spider:3 | Noticed Mara
 22032 | Spider:3 | 22032 ||| Stepping ~*~*~tactically~*~*~ (hiding).
 22034 | Spider:3 | 22034 ||| Stepping ~*~*~tactically~*~*~ (hiding).
 22037 | Spider:3 | 22037 ||| INVOKING Heroism.
 22039 | Spider:3 | Noticed qw's illusion
 22048 | Spider:3 | HP: 11/104 [Mara (illusionary)/bolt of fire (20)]
 22048 | Spider:3 | Mangled by Mara (illusionary)

Levels and vault maps discovered:
D:1:      eino_arrival_water_cross, layout_loops_corners,
          minmay_misc_feat_enclosed
D:2:      layout_rooms, basic_altar, chequers_ecumenical_altar_simple_redux
D:3:      layout_loops_ring, mainiacjoe_overflow_six_doors_small,
          gammafunk_ghost_split
D:4:      layout_gridville, minmay_temple_entry_antechambers,
          chequers_arboretum, minmay_close_crescents, uniq_robin
D:5:      layout_basic, grunt_dithmenos_smoke_and_mirrors,
          nicolae_ossuary_entry_ruins, nicolae_shop_vocational,
          uniq_prince_ribbit1, uniq_crazy_yiuf_cottage
D:6:      gammafunk_steamed_eel, layout_loops_ring, uniq_menkaure
D:7:      layout_cave_pools, nicolae_fountain_basement
D:8:      layout_cave_pools, mainiacjoe_overflow_brackets, uniq_gastronok,
          uniq_maurice, uniq_amaemon
D:9:      layout_roguey, old_standard_altar, serial_demonic, serial_demonic_a,
          serial_demonic_d, serial_demonic_g, serial_demonic_g
D:10:     layout_layer_cave, mainiacjoe_overflow_chevrons, uniq_joseph
D:11:     layout_rooms, grunt_lair_entry_orc_guard_hut, orc_0_dummy,
          serial_shops, shop, nicolae_shop_crystal, nicolae_shop_trees,
          hellmonk_ghost_happy_afterlife
D:12:     layout_basic, grunt_ministairs_9
D:13:     layout_basic, david_vaults_2, eino_house_with_fridge
D:14:     layout_cave_pods, gauntlet_entry_generic, special_room
          [special_room_orc], chequers_serial_rivers_room_a,
          fedhas_ov_isle_minmay, uniq_josephine
D:15:     grunt_enter_depths_hoard, layout_gridville, st_stairs_2
Temple:   nicolae_temple_bog_church
Lair:1:   layout_chaotic_city, ebering_ghost_disaster_area,
          grunt_forest_small_clearings, nicolae_lair_lil_pond,
          chequers_serial_rivers_small_3, infiniplex_staircase_pool_2,
          grunt_megastairs_2, serial_bayou_shore_a, uniq_grum
Lair:2:   layout_cave_pods, nicolae_spider_entry_non_spiders, minivault_27
Lair:3:   layout_gridlike, minmay_shoals_entry_centaurs, serial_forest,
          infiniplex_forest_straight_4, infiniplex_forest_clump_curved,
          infiniplex_forest_clump_curved, infiniplex_forest_clump_large,
          infiniplex_forest_corner_1, infiniplex_forest_clump_curved,
          infiniplex_forest_split, infiniplex_forest_clump_double
Lair:4:   layout_regular_city, slime_entry_1, grunt_megastairs_4
Lair:5:   wormcave, layout_regular_city, gammafunk_lair_bear_cave
Spider:1: layout_spider_delve, nicolae_spider_rock_and_or_roll
Spider:2: layout_spider_delve
Spider:3: layout_chambers, uniq_arachne, uniq_mara
Orc:1:    layout_diamond_mine
Orc:2:    st_orc_open, layout_caves

Skill      XL: |  1  2  3  4  5  6  7  8  9 10 11 12 13 14 15 16 |
---------------+-------------------------------------------------+-----
Axes           | 2 3 5 6 7 8 9 11 12 13 15 16 | 16.8
Fighting       | 4 5 7 8 9 10 11 12 13 | 13.0
Dodging        | 1 2 3 |  3.1
Invocations    | 2 4 6 10 | 10.0
Armour         | 4 5 7 9 10 11 12 | 12.2
Throwing       | 2 3 4 6 7 |  7.0
Shields        | 4 5 9 11 12 13 15 | 15.2

Action                     |  1- 3 |  4- 6 |  7- 9 | 10-12 | 13-15 | 16-18 || total
---------------------------+-------+-------+-------+-------+-------+-------++-------
  Melee: War axe           |   105 |   117 |   252 |   627 |  1044 |    33 ||  2178
         Demon whip        |       |       |       |       |    15 |       ||    15
         Broad axe         |       |       |       |       |       |   515 ||   515
  Throw: Boomerang         |       |    36 |    16 |    38 |   112 |    12 ||   214
         Javelin           |       |       |    14 |    94 |   148 |    38 ||   294
 Invoke: Heroism           |       |     1 |    13 |    18 |    34 |     6 ||    72
         Finesse           |       |       |       |     2 |    10 |     4 ||    16
    Use: Scroll            |     2 |     7 |    10 |     6 |     5 |     2 ||    32
         Potion            |     1 |     2 |       |       |       |     2 ||     5
 Armour: Scale mail        |    45 |    34 |       |       |       |       ||    79
         Chain mail        |       |    26 |   117 |       |       |       ||   143
         Plate armour      |       |       |     9 |   423 |   596 |   608 ||  1636
  Dodge: Dodged            |    54 |    51 |    93 |   200 |   235 |   216 ||   849
  Block: Buckler           |    23 |    20 |    46 |   118 |       |       ||   207
         Kite shield       |       |       |       |    65 |   467 |   220 ||   752
         Reflection        |       |       |       |     1 |       |       ||     1
         Tower shield      |       |       |       |       |       |   259 ||   259

Table legend:
 A = Non-vault XP
 B = Vault XP
 C = Vault XP percentage of total XP
 D = Non-vault monster count
 E = Vault monster count
 F = Vault count percentage of total count
                 A         B        C        D         E       F
            +---------+---------+-------+---------+---------+-------
      Total |  129182 |   47296 |  26.8 |     580 |     205 |  26.1
            +---------+---------+-------+---------+---------+-------
        D:1 |      58 |       0 |   0.0 |      33 |       0 |   0.0
        D:2 |      56 |       0 |   0.0 |      15 |       0 |   0.0
        D:3 |      43 |       0 |   0.0 |      16 |       0 |   0.0
        D:4 |     127 |      76 |  37.4 |       9 |      14 |  60.9
        D:5 |     823 |     291 |  26.1 |      16 |       1 |   5.9
        D:6 |     818 |     175 |  17.6 |      16 |       1 |   5.9
        D:7 |    1924 |     133 |   6.5 |      31 |       1 |   3.1
        D:8 |    3300 |    3070 |  48.2 |      40 |       4 |   9.1
        D:9 |    3494 |    1237 |  26.1 |      29 |       7 |  19.4
       D:10 |    1778 |     508 |  22.2 |      24 |       1 |   4.0
       D:11 |    4317 |     897 |  17.2 |      18 |       6 |  25.0
       D:12 |    4543 |     611 |  11.9 |       9 |       2 |  18.2
       D:13 |   10748 |    3449 |  24.3 |      25 |      15 |  37.5
       D:14 |    9675 |    3375 |  25.9 |      14 |      31 |  68.9
       D:15 |    9225 |    2122 |  18.7 |      22 |       3 |  12.0
     Lair:1 |    4171 |    1261 |  23.2 |      18 |       8 |  30.8
     Lair:2 |    4387 |     842 |  16.1 |      21 |       8 |  27.6
     Lair:3 |    6363 |     338 |   5.0 |      14 |       3 |  17.6
     Lair:4 |    3697 |    2201 |  37.3 |      13 |       6 |  31.6
     Lair:5 |   18747 |    6642 |  26.2 |      66 |      20 |  23.3
   Spider:1 |   16729 |    3313 |  16.5 |      45 |       4 |   8.2
   Spider:2 |   19488 |       0 |   0.0 |      53 |       0 |   0.0
   Spider:3 |    1115 |       0 |   0.0 |       2 |       0 |   0.0
      Orc:1 |    1461 |       0 |   0.0 |       6 |       0 |   0.0
      Orc:2 |    2095 |   14864 |  87.6 |      25 |      37 |  59.7
    Ossuary |       0 |     238 | 100.0 |       0 |      29 | 100.0
   Gauntlet |       0 |    1653 | 100.0 |       0 |       4 | 100.0
            +---------+---------+-------+---------+---------+-------
